 Dungeon Crawl Stone Soup version 0.21.1-1-g345015f (webtiles) character file.

2277 inc the Destroyer (level 9, -14/51 HPs)
             Began as an Octopode Conjurer on Apr 23, 2018.
             Was an Initiate of Gozag.
             Demolished by a two-headed ogre
             ... wielding a +0 giant club
              (27 damage)
             ... on level 5 of the Dungeon.
             The game lasted 00:16:39 (8765 turns).

inc the Destroyer (Octopode Conjurer)               Turns: 8765, Time: 00:16:40

Health: -14/51     AC:  1    Str:  7    XL:     9   Next: 39%
Magic:  29/36      EV: 19    Int: 21    God:    Gozag
Gold:   897        SH:  0    Dex: 12    Spells: 13/20 levels left

rFire    . . .     SeeInvis .   z - +2 whip (elec)
rCold    . . .     Gourm    .   (no shield)
rNeg     . . .     Faith    .   (helmet restricted)
rPois    .         Spirit   .   (no amulet)
rElec    .         Reflect  .   (no ring)
rCorr    .         Harm     .   f - ring of magical power
MR       .....                  g - ring of magical power
Stlth    +++.......             p - +6 ring of evasion
HPRegen  0.17/turn              (no ring)
MPRegen  0.25/turn              (no ring)
                                (no ring)
                                (no ring)

@: no status effects
A: almost no armour, stealthy swim, amphibious, 8 rings, constrict 8, camouflage
1, gelatinous body 1
a: Potion Petition, Call Merchant, Bribe Branch, Renounce Religion


You were on level 5 of the Dungeon.
You worshipped Gozag.
Gozag was pleased with you.
You were not hungry.

You visited 1 branch of the dungeon, and saw 7 of its levels.
You also visited: Sewer.

You collected 929 gold pieces.
You paid 32 gold pieces to Gozag.

Inventory:

Hand Weapons
 y - a +2 dagger of speed
 z - a +2 whip of electrocution (weapon)
Armour
 r - a +0 shield
Jewellery
 c - a -6 ring of dexterity
 d - an uncursed ring of fire
 f - a ring of magical power (right tentacle)
 g - a ring of magical power (on tentacle)
 p - a +6 ring of evasion (on tentacle)
Wands
 m - a wand of iceblast (5)
Scrolls
 i - 4 scrolls of remove curse
 k - a scroll of magic mapping {unknown}
 o - a scroll of blinking {unknown}
 q - a scroll of random uselessness {unknown}
 t - 2 scrolls of enchant weapon
 u - a scroll of teleportation {unknown}
 v - 4 scrolls of enchant armour {unknown}
 B - a scroll of amnesia {unknown}
 C - 2 scrolls of immolation {unknown}
 F - a scroll of fog {unknown}
 G - a scroll of fear {unknown}
 H - 2 scrolls of noise {unknown}
 J - a scroll of holy word {unknown}
Potions
 e - 3 potions of degeneration {unknown}
 h - 4 potions of curing
 j - a potion of resistance
 l - 2 potions of agility
 n - 2 potions of invisibility
 s - 7 potions of flight
 w - 2 potions of might
 x - 4 potions of brilliance {unknown}
 A - a potion of mutation {unknown}
 D - a potion of berserk rage {unknown}
 E - a potion of heal wounds
 I - 2 potions of ambrosia {unknown}
Books
 a - a book of Conjurations

   Spells                             Type                      Level
   a - Magic Dart                     Conjuration                  1
   b - Searing Ray                    Conjuration                  2
   c - Dazzling Spray                 Conjuration/Hexes            3
   d - Fulminant Prism                Conjuration/Hexes            4
   e - Force Lance                    Conjuration/Translocation    4
   f - Iskenderun's Mystic Blast      Conjuration                  4
Comestibles
 b - 9 rations


   Skills:
 - Level 2.0 Dodging
 - Level 2.6 Stealth
 + Level 6.2 Spellcasting
 - Level 11.0 Conjurations


You had 13 spell levels left.
You knew the following spells:

 Your Spells              Type           Power        Failure   Level  Hunger
a - Magic Dart            Conj           ####         1%          1    None
b - Searing Ray           Conj           ######       1%          2    None
c - Fulminant Prism       Conj/Hex       ####......   10%         4    ###....


Dungeon Overview and Level Annotations

Branches:
Dungeon (7/15)             Temple (0/1) D:4

Altars:
Ashenzari
Dithmenos
Fedhas
Gozag
Hepliaklqana
Qazlal
Wu Jian
Xom

Shops:
D:4 (*


Innate Abilities, Weirdness & Mutations

You cannot wear most types of armour.
You are very stealthy in the water. (Stealth+)
You are amphibious.
You can wear up to eight rings at the same time.
You can use your tentacles to constrict eight enemies at once.
Your skin changes colour to match your surroundings (Stealth+).
Your rubbery body absorbs attacks. (AC +1, EV +1)


Message History

The two-headed ogre is almost dead.
The two-headed ogre closely misses you. The two-headed ogre barely misses you.
You barely miss the two-headed ogre.
The two-headed ogre is almost dead.
The two-headed ogre hits you with a giant club!
* * * LOW HITPOINT WARNING * * *
The two-headed ogre completely misses you.
Casting: Searing Ray
Confirm with . or Enter, or press ? or * to list all spells.
Aiming: Searing Ray
Press: ? - help, Shift-Dir - straight line, f/p - two-headed ogre
Aim: a two-headed ogre, wielding two giant clubs (almost dead)
The searing ray hits the two-headed ogre.
The two-headed ogre is almost dead. (Press . to maintain the ray.)
The two-headed ogre closely misses you.
The two-headed ogre hits you with a giant club!!
Ouch! That really hurt!
You die...
Your body crumbles into a pile of gold.

.......#...##........(#
#....#........((((..#
######....#........(###..#
....................# ##..
.........##.........# #..
.........##.........# ##(
#.......##..$....).# #)
#......###.........# #.
.'.....OO@(.........# #.
.#....$.##..........# #.
#..................# #.
#..................# #.
#####+#.##.#...##### #.
#<.#.#.### #. ####.#.#
##### .#. #.... #. #....


You could see a two-headed ogre and an ogre.

Vanquished Creatures
  2 sky beasts (D:6)
  An orc warrior (D:7)
  An ogre (D:4)
  2 phantoms (D:6)
  4 centaurs
  Blork the orc (D:4)
  A bullfrog (D:7)
  3 scorpions
  A howler monkey (D:4)
  2 crimson imps
  2 hounds
  A jelly (D:6)
  6 orc priests
  A bullfrog zombie (D:5)
  A gnoll shaman (D:4)
  4 iguanas
  6 worker ants
  4 orc wizards
  A hound zombie (D:5)
  A hound skeleton (D:6)
  12 adders
  4 gnolls (D:4)
  3 river rats (Sewer)
  A shadow imp (D:6)
  An ooze (D:1)
  2 adder zombies
  2 worms
  A dart slug (D:1)
  2 leopard geckos
  29 orcs
  6 ball pythons
  5 giant cockroaches
  7 goblins
  4 hobgoblins
  9 jackals
  2 quokkas
  8 bats
  3 frilled lizards
  17 kobolds
  A leopard gecko skeleton (D:4)
  30 rats
194 creatures vanquished.

Notes
Turn   | Place    | Note
-------+----------+-------------------------------------------
     0 | D:1      | inc the Octopode Conjurer began the quest for the Orb.
     0 | D:1      | Reached XP level 1. HP: 11/11 MP: 3/3
   350 | D:1      | Reached XP level 2. HP: 14/17 MP: 1/5
  1079 | D:2      | Noticed a scorpion
  1140 | D:1      | Killed a scorpion
  1140 | D:1      | Reached XP level 3. HP: 6/21 MP: 0/8
  1140 | D:1      | Reached XP level 4. HP: 8/27 MP: 0/10
  1662 | D:2      | Noticed a centaur
  1675 | D:2      | Killed a centaur
  1675 | D:2      | Reached skill level 5 in Spellcasting
  1675 | D:2      | Reached XP level 5. HP: 17/31 MP: 1/12
  2457 | D:3      | Reached XP level 6. HP: 10/36 MP: 1/14
  2487 | D:3      | Learned a level 2 spell: Searing Ray
  2740 | D:3      | Found a glowing drain.
  2744 | Sewer    | Entered a sewer
  4322 | D:3      | Found a shadowy altar of Dithmenos.
  4552 | D:3      | Found an ornate altar of the Wu Jian Council.
  4555 | D:3      | Found a blossoming altar of Fedhas.
  4556 | D:3      | Found a hazy altar of Hepliaklqana.
  4563 | D:3      | Found a shattered altar of Ashenzari.
  4563 | D:3      | Found an opulent altar of Gozag.
  4572 | D:3      | Became a worshipper of Gozag Ym Sagoz the Greedy
  4911 | D:3      | Learned a level 4 spell: Fulminant Prism
  4980 | D:3      | Reached XP level 7. HP: 26/41 MP: 16/16
  5119 | D:4      | Reached skill level 5 in Conjurations
  5417 | D:4      | Found Zoqes's Antique Weapon Shoppe.
  5434 | D:4      | Reached skill level 6 in Conjurations
  5458 | D:4      | Noticed Blork the orc
  5478 | D:4      | Killed Blork the orc
  5527 | D:4      | Found a staircase to the Ecumenical Temple.
  5635 | D:4      | Found Ixkolaqu's Assorted Antiques.
  5813 | D:4      | Reached skill level 7 in Conjurations
  5821 | D:4      | Reached XP level 8. HP: 46/46 MP: 17/17
  5953 | D:4      | Found a stormy altar of Qazlal.
  6001 | D:4      | Found a shimmering altar of Xom.
  6520 | D:4      | Found a sparkling altar of Nemelex Xobeh.
  6520 | D:4      | Found a shimmering altar of Xom.
  6523 | D:4      | Found a shattered altar of Ashenzari.
  6523 | D:4      | Found a bloodstained altar of Trog.
  6523 | D:4      | Found an iron altar of Okawaru.
  6571 | D:5      | Entered Level 5 of the Dungeon
  6643 | D:5      | HP: 1/46 [centaur/arrow (14)]
  6664 | D:5      | Reached skill level 8 in Conjurations
  6955 | D:5      | Noticed a two-headed ogre
  6996 | D:6      | Reached skill level 9 in Conjurations
  7435 | D:6      | Reached skill level 10 in Conjurations
  7435 | D:6      | Reached XP level 9. HP: 25/51 MP: 18/18
  8351 | D:7      | Reached skill level 11 in Conjurations
  8765 | D:5      | Demolished by a two-headed ogre

Skill      XL: |  1  2  3  4  5  6  7  8  9 |
---------------+----------------------------+-----
Spellcasting   | 4 5 6 |  6.2
Conjurations   | 7 10 11 | 11.0
Dodging        | |  2.0
Stealth        | |  2.6

Action                   |  1- 3 |  4- 6 |  7- 9 || total
-------------------------+-------+-------+-------++-------
Melee: Unarmed           |    41 |    48 |       ||    89
       Constrict         |    12 |    12 |     1 ||    25
       Tentacles         |     8 |    11 |       ||    19
       Whip              |       |     3 |     4 ||     7
 Cast: Magic Dart        |    12 |   138 |   209 ||   359
       Searing Ray       |       |    19 |    45 ||    64
  Use: Potion            |       |     2 |     4 ||     6
       Scroll            |       |       |     7 ||     7
 Stab: Sleeping          |     2 |     8 |       ||    10
  Eat: Chunk             |       |    11 |       ||    11
       Ration            |       |     1 |     3 ||     4
Armor: Skin              |     7 |    15 |     2 ||    24
Dodge: Dodged            |    37 |    87 |   127 ||   251
